cohdb
Replays
Latest Replays
All Replays
Popular Replays
Top Player Replays
Match Explorer
How It Works
Community
CoH3 Stats
Reddit
Sign in to upload your games and track your stats! →
Sign in with Steam
Match 45253594
Unlisted
Match 45253594
Overview
Messages
Build Orders
End
Kradschützen Motorcycle Team
Panzerpioneer Squad
Panzerpioneer Squad
250 Light Carrier
Construct Light Support Kompanie
Panzerjäger Squad
Selects Panzerjäger Kommand Battlegroup
Selects Tank Busters
Fire Support Elements
2.5-tonne Medical Truck
le.IG 18 Mechanized Group
Panzerjäger Squad
Veteran Squad Leaders
Construct Panzerarmee Kommand
Panzerjäger Squad
Selects Blockade Equipment
Selects Early Warning
Kradschützen Motorcycle Team
Panzer III L Medium Tank
Rapid Advance
Selects Butterfly Bomb Drop
Butterfly Bomb Drop
Panzer III L Medium Tank
Tungsten Core Ammunition
Selects Crew Shock Tactics
Emergency Repair Kits
JJB34
Mr.28M
[QSA] Aerocrastic
Beary bear
♥ ~Lady Rytsu~ ♥
Guh
....
Faurix
0
0
Comments
sign in to comment!
No comments posted yet!